 Dungeon Crawl Stone Soup version 0.20.1-1-g8b1a95d (webtiles) character file.

102 Melbolja the Charmwright (level 4, 0/37 HPs)
             Began as a Draconian Skald on Oct 9, 2017.
             Was a Follower of Cheibriados.
             Slain by a big kobold (6 damage)
             ... on level 3 of the Dungeon.
             The game lasted 00:16:55 (3025 turns).

Melbolja the Charmwright (Draconian Skald)          Turns: 3025, Time: 00:16:55

Health: 0/37       AC:  5    Str: 14 (16) XL:     4   Next: 50%
Magic:  6/7        EV: 12    Int: 13 (16) God:    Cheibriados [*.....]
Gold:   143        SH:  0    Dex: 10 (12) Spells: 4/8 levels left

rFire    . . .     SeeInvis .   i - +0 mace (protect)
rCold    . . .     Gourm    .   (no shield)
rNeg     . . .     Faith    .   (armour unavailable)
rPois    .         Spirit   .   (helmet restricted)
rElec    .         Reflect  .   (no cloak)
rCorr    .         Harm     .   (no gloves)
MR       .....                  (no boots)
Stlth    +.........             j - amulet of inaccuracy (curse)
Regen    0.2/turn               (no ring)
MPRegen  0.1/turn               (no ring)

@: infused (expiring), very slow
A: unfitting armour, cold-blooded, AC +5
a: Bend Time, Renounce Religion


You were on level 3 of the Dungeon.
You worshipped Cheibriados.
Cheibriados was aware of your devotion.
You were not hungry.

You visited 1 branch of the dungeon, and saw 3 of its levels.

You collected 143 gold pieces.

Inventory:

Hand Weapons
 a - a +0 falchion
 i - a +0 mace of protection (weapon)
 m - a +0 hunting sling
Missiles
 n - 51 stones (quivered)
Armour
 e - a +0 cloak
Jewellery
 j - a cursed amulet of inaccuracy (around neck)
Scrolls
 g - a scroll of amnesia
 p - a scroll of fog
 q - a scroll of identify {unknown}
 r - a scroll of enchant weapon {unknown}
Potions
 d - a potion of magic {unknown}
 h - a potion of ambrosia {unknown}
 k - 2 potions of curing
Books
 b - a book of Battle

   Spells                             Type                      Level
   a - Infusion                       Charms                       1
   b - Shroud of Golubria             Charms/Translocation         2
   c - Song of Slaying                Charms                       2
   d - Spectral Weapon                Hexes/Charms                 3
   e - Regeneration                   Charms/Necromancy            3
 l - a book of Cantrips

   Spells                             Type                      Level
   a - Confusing Touch                Hexes                        1
   b - Animate Skeleton               Necromancy                   1
   c - Summon Small Mammal            Summoning                    1
   d - Apportation                    Translocation                1
Comestibles
 c - 2 bread rations
 f - 2 chunks of flesh
 o - 2 meat rations


   Skills:
 + Level 2.6 Fighting
 + Level 2.8 Long Blades
 + Level 2.9 Dodging
 + Level 0.8 Stealth
 + Level 2.5 Spellcasting
 + Level 3.1 Charms


You had 4 spell levels left.
You knew the following spells:

 Your Spells              Type           Power        Failure   Level  Hunger
a - Infusion              Chrm           #...         7%          1    #......
b - Regeneration          Chrm/Necr      #.........   36%         3    ###....


Dungeon Overview and Level Annotations

Branches:
Dungeon (3/15)

Altars:
Cheibriados
Elyvilon
Fedhas
Makhleb


Innate Abilities, Weirdness & Mutations

Your plain brown scales are hard. (AC +5)
You cannot fit into any form of body armour.
You are cold-blooded and may be slowed by cold attacks.


Message History

The big kobold is almost dead.
The big kobold hits you.
You closely miss the big kobold.
The big kobold is almost dead.
Your magical infusion is running out.
The big kobold hits you but does no damage.
You miss the big kobold.
Your tail-slap misses the big kobold.
The big kobold is almost dead.
The big kobold barely misses you. The big kobold hits you.
* * * LOW HITPOINT WARNING * * *
You closely miss the big kobold.
The big kobold is almost dead.
The big kobold hits you.
* * * LOW HITPOINT WARNING * * *
You barely miss the big kobold.
The big kobold is almost dead.
The big kobold hits you.
* * * LOW HITPOINT WARNING * * *
The big kobold hits you.
You die...

###.........#.#........
...........##.#....#####
######.###.##.#....#####+
#.......................
#####.##................
#.##..#.............
#.##..####(.........
#.##..####....####..
#.##..##...@........
#.##.#####.K.###### #.
#.# #..... #.# #...#...
#...#.#.# ..... # ..
#.... # ../.[.


You could see a big kobold.

Vanquished Creatures
  A hound (D:2)
  2 adders (D:2)
  A worm (D:2)
  A dart slug (D:1)
  A leopard gecko (D:1)
  An orc (D:3)
  3 giant cockroaches
  5 goblins
  5 hobgoblins
  A quokka (D:2)
  5 bats
  6 frilled lizards
  9 kobolds
  9 rats
50 creatures vanquished.

Notes
Turn   | Place    | Note
-------+----------+-------------------------------------------
     0 | D:1      | Melbolja the Draconian Skald began the quest for the Orb.
     0 | D:1      | Reached XP level 1. HP: 17/17 MP: 3/3
    92 | D:1      | Reached XP level 2. HP: 22/24 MP: 0/5
   705 | D:1      | Reached skill level 3 in Charms
   776 | D:1      | Reached XP level 3. HP: 30/30 MP: 3/6
   838 | D:1      | Learned a level 3 spell: Spectral Weapon
  1100 | D:2      | Found a blossoming altar of Fedhas.
  1100 | D:2      | Found a snail-covered altar of Cheibriados.
  1103 | D:2      | Became a worshipper of Cheibriados the Contemplative
  1151 | D:2      | Learned a level 3 spell: Regeneration
  1196 | D:2      | Found a burning altar of Makhleb.
  1654 | D:2      | Reached XP level 4. HP: 37/37 MP: 7/7
  2601 | D:2      | Found a white marble altar of Elyvilon.
  2617 | D:2      | Reached * piety under Cheibriados
  2999 | D:3      | Noticed a big kobold
  3025 | D:3      | Slain by a big kobold

Skill      XL: |  1  2 |
---------------+-------+-----
Charms         | 3 |  3.1
Fighting       | |  2.6
Long Blades    | |  2.8
Dodging        | |  2.9
Stealth        | |  0.8
Spellcasting   | |  2.5

Action                   |  1- 3 |  4- 6 || total
-------------------------+-------+-------++-------
Melee: Falchion          |   111 |    55 ||   166
       Tailslap          |     6 |     5 ||    11
       Mace              |       |    81 ||    81
 Cast: Infusion          |    13 |    14 ||    27
       Spectral Weapon   |     1 |       ||     1
  Use: Scroll            |     5 |       ||     5
       Potion            |     3 |       ||     3
 Stab: Sleeping          |     2 |     1 ||     3
  Eat: Chunk             |     1 |     2 ||     3
       Meat ration       |     1 |       ||     1
Armor: Skin              |    46 |    52 ||    98
Dodge: Dodged            |    88 |   105 ||   193
       Rpst.: Falchion   |    25 |    12 ||    37
